 Dungeon Crawl Stone Soup version 0.16.1-4-g8e1b745 (webtiles) character file.

166 abixa the Sneak (level 5, -5/34 HPs)
             Began as a Halfling Assassin on Mar 27, 2015.
             Killed by nerve-wracking pain
             ... invoked by Menkaure
              (10 damage)
             ... on level 4 of the Dungeon.
             The game lasted 00:10:07 (3193 turns).

abixa the Sneak (Halfling Assassin)                 Turns: 3193, Time: 00:10:07

Health: -5/34      AC:  4    Str: 11    XL:     5   Next: 76%
Magic:  14/14      EV: 13    Int: 10    God:
Gold:   153        SH:  0    Dex: 17    Spells: 0 memorised, 4 levels left

rFire  . . .     SeeInvis .     a - +2 dagger
rCold  . . .     Clarity  .     n - +0 leather armour
rNeg   . . .     SustAb   .     (no shield)
rPois  .         Gourm    .     (no helmet)
rElec  .         Spirit   .     d - +0 cloak
rCorr  .         Warding  .     (no gloves)
rMut   .         Stasis   .     (no boots)
MR     .....                    (no amulet)
Stlth  ++++......               (no ring)
                                v - ring of magical power

@: not resistant to hostile enchantments, stealthy
A: mutation resistance 1
a: no special abilities


You were on level 4 of the Dungeon.
You were not hungry.

You visited 1 branch of the dungeon, and saw 4 of its levels.

You collected 153 gold pieces.

Inventory:

Hand weapons
 a - a +2 dagger (weapon)
 b - a +1 blowgun
 D - a +0 rapier
Missiles
 e - 8 poisoned needles
 f - 2 curare-tipped needles
 i - 115 stones (quivered)
 o - 7 tomahawks
 w - 18 sling bullets
Armour
 c - a +0 robe
 d - a +0 cloak (worn)
 n - a +0 leather armour (worn)
Jewellery
 v - a ring of magical power (left hand)
 B - an uncursed ring of fire
Magical devices
 y - a wand of frost (27)
Scrolls
 k - a scroll of amnesia
 l - a scroll of recharging
 q - a scroll of magic mapping {unknown}
 r - a scroll of immolation {unknown}
 s - a scroll of remove curse {unknown}
 t - 3 scrolls of enchant weapon
 u - a scroll of identify
 z - a scroll of random uselessness {unknown}
 A - a scroll of enchant armour {unknown}
 C - a scroll of fog {unknown}
Potions
 h - a potion of restore abilities {unknown}
 m - a potion of magic {unknown}
 p - a potion of heal wounds {unknown}
 x - 3 potions of brilliance {unknown}
Comestibles
 g - 3 bread rations
 j - 2 meat rations


   Skills:
 - Level 1.7 Fighting
 + Level 5.2 Short Blades
 - Level 2.6 Throwing
 - Level 1.1 Dodging
 + Level 6.4 Stealth


You had 4 spell levels left.
You didn't know any spells.

Dungeon Overview and Level Annotations

Branches:
Dungeon (4/15)
 Temple: D:4-7

Altars:

Annotations:
D:4 Menkaure


Innate Abilities, Weirdness & Mutations

You are small and have problems with some larger weapons.
You are somewhat resistant to further mutation.


Message History

Read which item? (? for menu, Esc to quit)
As you read the scroll labeled GRIPIE ZIAXKAHO, it crumbles to dust.
It is a scroll of enchant weapon.
Enchant which weapon? (? for menu, Esc to quit)
Your +0 blowgun glows red for a moment.
Menkaure grins.
Read which item? (? for menu, Esc to quit)
As you read the scroll labeled KLESUT WECWEAZ, it crumbles to dust.
It is a scroll of identify.
Identify which item? (\ to view known items) (? for menu, Esc to quit)
k - a scroll of amnesia Menkaure closely misses you.
Read which item? (? for menu, Esc to quit)
Identify which item? (\ to view known items) (? for menu, Esc to quit)
As you read the scroll of identify, it crumbles to dust.
l - a scroll of recharging Menkaure mumbles, "It doesn't hurt if you pull your brain out of your nose yourself."
Menkaure points at you and mumbles some strange words.
Pain shoots through your body!
You die...

.# #.# #.# .# #.# ##.## .#
#.# #...# .# #.#######...# .
.# #.######......##...##.#
.#########
#........####.........#
.........# ########.#
#.........#
########.###########.##
#.........#
#.........@M...######...##.#
#############....# #.>.# ..
##.#.# #...# . #..... ......
##############


You could see Menkaure.

Vanquished Creatures
  A scorpion (D:4)
  5 adders
  3 worms
  3 giant geckos
  2 giant cockroaches (D:1)
  2 goblins
  8 hobgoblins
  5 kobolds
  7 bats
  7 jackals
  9 rats
52 creatures vanquished.

Notes
Turn   | Place    | Note
--------------------------------------------------------------
     0 | D:1      | abixa, the Halfling Assassin, began the quest for the Orb.
     0 | D:1      | Reached XP level 1. HP: 14/14 MP: 1/1
   304 | D:1      | Reached XP level 2. HP: 19/19 MP: 2/2
   573 | D:1      | Reached XP level 3. HP: 21/24 MP: 3/3
   904 | D:1      | Reached skill level 5 in Stealth
  1526 | D:2      | Reached XP level 4. HP: 9/29 MP: 4/4
  2724 | D:3      | Reached XP level 5. HP: 28/34 MP: 5/5
  3045 | D:4      | Reached skill level 5 in Short Blades
  3045 | D:4      | Reached skill level 6 in Stealth
  3152 | D:4      | Noticed Menkaure
  3193 | D:4      | Killed from afar by Menkaure

Action                   |  1- 3 |  4- 6 || total
-------------------------+-------+-------++-------
Melee: Dagger            |    99 |    67 ||   166
 Fire: Blowgun           |     3 |     3 ||     6
Throw: Stone             |       |    24 ||    24
  Use: Scroll            |       |     3 ||     3
 Stab: Sleeping          |     6 |     3 ||     9
       Distracted        |       |     2 ||     2
  Eat: Chunk             |     1 |     6 ||     7
